 Dungeon Crawl Stone Soup version 0.30.1-4-g462c640d31 (webtiles) character file.

Game seed: 761598617337084549

1563732 diecastcamel the Conqueror (level 26, 202/266 HPs)
             Began as a Purple Draconian Berserker on Sept 12, 2023.
             Was the Champion of Trog.
             Escaped with the Orb
             ... and 3 runes on Sept 18, 2023!
             The game lasted 07:38:41 (81798 turns).

diecastcamel the Conqueror (DrBe)                  Turns: 81798, Time: 07:38:42

Health: 202/266    AC: 27    Str: 12    XL:     26   Next: 90%
Magic:  11/11      EV: 38    Int: 12    God:    Trog [******]
Gold:   4708       SH: 21    Dex: 26    Spells: 25/25 levels left

rFire   + + +        R - +3 scimitar "Ocyajal" {vamp, rPois rC+++ rCorr Str-5}
rCold   + + +        A - +3 kite shield {AC+3}
rNeg    + . .        (body armour unavailable)
rPois   +            J - +3 crown of Dyrovepreva {rElec Int+2 SInv}
rElec   +            o - +2 cloak {Will+}
rCorr   +            Y - +0 pair of gloves "Etohoe" {rF++ Str-3}
SInv    +            D - +4 pair of boots of Rotation {SInv}
Will    ++++.        B - amulet of Vitality {RegenMP++ Regen++}
Stlth   +            U - ring "Xijoof Goq" {rF+ rN+ Will- Dex+6}
HPRegen 2.24/turn    L - ring "Hunaq" {+Blink Fly Will+ MP-9 SInv}
MPRegen 0.92/turn

%: no passive effects
@: flying
A: breathe power, AC +12, unfitting armour, cold-blooded, low MP 1, screaming 1,
wild magic 1
0: Orb of Zot
}: 3/15 runes: serpentine, barnacled, silver
a: Breathe Dispelling Energy, Renounce Religion, Evoke Blink, Berserk, Trog's
Hand, Brothers in Arms


You escaped.
You worshipped Trog.
Trog was exalted by your worship.
You visited 10 branches of the dungeon, and saw 49 of its levels.
You also visited: Trove and Gauntlet.

You collected 9381 gold pieces.
You spent 4673 gold pieces at shops.

Inventory:

Hand Weapons
 g - a +6 demon blade of electrocution
 u - a +9 antimagic double sword
 x - a +2 eudemon blade of holy wrath
 R - the +3 scimitar "Ocyajal" (weapon) {vamp, rPois rC+++ rCorr Str-5}
   (You took it off a black draconian on level 4 of the Realm of Zot)

   Str:       It affects your strength (-5).
   rC:        It renders you almost immune to cold.
   rPois:     It protects you from poison.
   rCorr:     It protects you from acid and corrosion.
Armour
 o - a +2 cloak of willpower (worn)
 A - a +3 kite shield of protection (worn)
 D - the +4 pair of boots of Rotation (worn) {SInv}
   (You found it on level 5 of the Vaults)

   SInv:      It lets you see invisible.
 J - the +3 crown of Dyrovepreva (worn) {rElec Int+2 SInv}
   (You acquired it on level 4 of the Shoals)

   Int:       It affects your intelligence (+2).
   rElec:     It insulates you from electricity.
   SInv:      It lets you see invisible.
 Y - the +0 pair of gloves "Etohoe" (worn) {rF++ Str-3}
   (You found it in a Gauntlet)

   Str:       It affects your strength (-3).
   rF:        It greatly protects you from fire.
Jewellery
 c - the ring "Malut" {rF+ Int+8 Dex+6 Stlth-}
   (You bought it in a shop on level 1 of the Orcish Mines)

   [ring of dexterity]

   Int:       It affects your intelligence (+8).
   Dex:       It affects your dexterity (+6).
   rF:        It protects you from fire.
   Stlth:     It makes you less stealthy.
 B - the amulet of Vitality (around neck) {RegenMP++ Regen++}
   (You found it on level 5 of the Vaults)

   [amulet of magic regeneration]

   It increases your rate of magic regeneration.
   Regen:     It increases your rate of health regeneration.
 G - an amulet of reflection
 L - the ring "Hunaq" (right hand) {+Blink Fly Will+ MP-9 SInv}
   (You took it off a merfolk on level 4 of the Shoals)

   [ring of willpower]

   MP:        It affects your magic capacity (-9).
   SInv:      It lets you see invisible.
   Fly:       It grants you flight.
   +Blink:    It lets you blink.
   Will:      It increases your willpower.
 N - the ring "Fefupas" {rCorr EV+5 Stlth+}
   (You took it off a deep elf high priest on level 3 of the Elven Halls)

   [ring of evasion]

   EV:        It affects your evasion (+5).
   rCorr:     It protects you from acid and corrosion.
   Stlth:     It makes you more stealthy.
 Q - the ring "Senonogo" {rElec rF+ rCorr MP+9}
   (You found it on level 5 of the Vaults)

   [ring of magical power]

   rF:        It protects you from fire.
   rElec:     It insulates you from electricity.
   MP:        It affects your magic capacity (+9).
   rCorr:     It protects you from acid and corrosion.
 U - the ring "Xijoof Goq" (left hand) {rF+ rN+ Will- Dex+6}
   (You took it off a deep elf annihilator on level 3 of the Elven Halls)

   [ring of dexterity]

   Dex:       It affects your dexterity (+6).
   rF:        It protects you from fire.
   rN:        It protects you from negative energy.
   Will:      It decreases your willpower.
 W - a ring of ice
Wands
 e - a wand of polymorph (32)
 h - a wand of mindburst (58)
 C - a wand of light (7)
 K - a wand of roots (80)
 S - a wand of paralysis (61)
 T - a wand of digging (19)
 Z - a wand of flame (143) (quivered)
Scrolls
 b - 8 scrolls of immolation
 d - 5 scrolls of fog
 k - 2 scrolls of enchant weapon
 l - 5 scrolls of brand weapon
 m - 15 scrolls of magic mapping
 p - 6 scrolls of blinking
 v - 16 scrolls of teleportation
 M - a scroll of silence
 O - 7 scrolls of fear
 P - 4 scrolls of poison
 X - 6 scrolls of butterflies
Potions
 a - 18 potions of curing
 f - 8 potions of mutation
 i - 9 potions of lignification
 j - 7 potions of haste
 q - a potion of invisibility
 r - 2 potions of might
 t - 10 potions of ambrosia
 z - a potion of flight
 F - 5 potions of resistance
 H - 2 potions of heal wounds
 I - 2 potions of cancellation
Miscellaneous
 n - a phial of floods
 s - a lightning rod (4/4)
 y - a box of beasts
 V - a phantom mirror


   Skills:
 O Level 27 Fighting
 - Level 16.0 Long Blades
 O Level 27 Dodging
 - Level 20.0 Shields
 + Level 25.9 Evocations


You had 25 spell levels left.
You didn't know any spells.
Your spell library was empty.

Dungeon Overview and Level Annotations

Branches:
Dungeon (15/15)            Temple (0/1) D:5            Lair (5/5) D:11
 Shoals (4/4) Lair:2        Snake (4/4) Lair:2        Slime (0/5) Lair:5
    Orc (2/2) D:10            Elf (3/3) Orc:2        Vaults (5/5) D:14
  Crypt (2/3) Vaults:2     Depths (4/4) D:15            Zot (5/5) Depths:4
Gauntlet (visited)

Altars:
Ashenzari
Elyvilon
Fedhas
Gozag
Hepliaklqana
Okawaru
Ru
Uskayaw
Wu Jian
Xom
Zin
The Shining One
Jiyva

Shops:
D:8 [   D:15 =   Orc:1 :!==*   Orc:2 *(?[   Snake:1 =   Snake:3 *
Vaults:2 ?[=*(   Vaults:4 (   Depths:3 ?   Depths:4 :

Portals:
Hell: Depths:1 Depths:2 Depths:3 Depths:4
Abyss: Depths:3
Pandemonium: Depths:1 Depths:2
Ziggurat: Depths:3

Annotations:
D:5 1 runed translucent door, Crazy Yiuf
D:7 3 runed translucent doors, Shake04's ghost, novice GrFi
D:8 1 runed translucent door, Aviaq's ghost, novice DrHu
D:10 3 runed translucent doors
Lair:2 3 runed translucent doors, exclusion: oklob plant, ShellytheWitch's ghost, journeyman MiBe; Stellion's ghost, journeyman DECj
Lair:3 3 runed translucent doors, Yjeari's ghost, journeyman GrMo
Lair:5 1 runed translucent door
Snake:1 3 runed translucent doors, Roxanne; monsoonserge's ghost, adept TrFi
Elf:2 5 runed translucent doors
Vaults:1 36 runed doors
Crypt:2 Vv
Depths:3 1 runed translucent door


Innate Abilities, Weirdness & Mutations

You can breathe bolts of dispelling energy.
Your rich purple scales are hard. (AC +12)
You cannot fit into any form of body armour.
You are cold-blooded and may be slowed by cold attacks.
Your magical capacity is low. (-10% MP)
You occasionally shout uncontrollably at your foes.
Your spells are a little harder to cast, but a little more powerful.


Message History

You block Ramm's attack. Ramm barely misses you.
The lich conjures a glowing orb.
An orb of destruction comes into view.
Ramm snaps closed at you but does no damage.
Space warps horribly around you!
Unknown command.
Blink to where?
Press: ? - help, Q - select action, (/) - cycle Dir - move target
As you read the scroll of blinking, it crumbles to dust.
The orb of destruction hits Ramm!!!
You feel yourself speed up.
There is a stone staircase leading up here.
You fly upwards.
There is a stone staircase leading down here.
There is a stone staircase leading up here.
You fly upwards.
There is a stone staircase leading down here.
(D) Dungeon (T) Temple (L) Lair (A) Shoals (P) Snake Pit (M) Slime Pits (O) Orcish Mines (E) Elven Halls (V) Vaults (C) Crypt (U) Depths (H) Hell (Z) Zot
Where to? (Enter - D:1 @ (x,y), ? - help)
Things that are here:
a +0 ring mail; a +0 mace Your extra speed is starting to run out.
You feel yourself slow down.
There is a stone staircase leading up here.
You fly upwards.
There is a stone staircase leading down here.
A Brimstone Fiend comes into view.
The Brimstone Fiend gestures at you.
The sphere of damnation explodes!
The damnation engulfs you!!!
There is a transporter landing site here.
An Executioner and a large abomination come into view.
There is a staircase leading out of the dungeon here.
You can't go down here!
Unknown command.
The Brimstone Fiend gestures at you.
The sphere of damnation explodes!
The damnation engulfs you!!
You have escaped!

##.#.##### #.# #.# ##.#..#
##'## ####.#### ##.###.##
###...#####.......# ##.##
##.###≈~~~.≈≈≈##.##..#.# #.##
##.[~≈≈≈.≈≈≈≈≈#.##....# ##.##
##.#.≈≈≈.1≈≈≈≈≈~.#...#.###
##.###....≈≈1X.~≈≈≈≈≈..........
##.#..##.≈≈~...~≈≈≈~##...####.
##......≈~.©@©.~≈≈≈~##..# #.
###.###≈~~.⌠.~~≈≈≈≈###.# #. #.#
#≈≈~~~~≈≈≈≈≈~##..# ## #.#
#≈≈≈≈≈≈≈≈≈≈≈≈≈#.## # #.#
##~≈≈≈≈~~~~≈≈≈#.# # #.#
#≈≈≈≈≈~.⌠.~~≈#.# #.#
#≈≈≈≈~.©>©.~≈#.# #.#
##≈≈≈≈~...~≈≈#.# #.#
#≈≈≈≈≈~.~~≈≈#.#


You could see a Brimstone Fiend, an Executioner and a large abomination.

Vanquished Creatures
  2 ancient liches (Zot:5)
  7 dread liches
  3 orbs of fire
  2 juggernauts
  Sojobo (Depths:4)
  9 Killer Klowns
  6 curse toes
  Bai Suzhen (Depths:1)
  12 golden dragons
  2 bone dragons
  3 electric golems
  An Ice Fiend (Zot:1)
  12 tentacled monstrosities
  A Hell Sentinel (Zot:5)
  Mlioglotl (Snake:2)
  27 Orb Guardians
  Jorgrun (D:10)
  A walking earthen tome (Depths:3)
  4 liches
  3 titans (Vaults:4)
  11 quicksilver dragons
  2 deep elf blademasters (Elf:3)
  2 deep elf master archers (Elf:3)
  9 death cobs
  Asterion (Vaults:1)
  9 sphinxes
  2 ancient champions (Crypt:1)
  Gastronok (D:8)
  Kirke (D:13)
  16 shadow dragons
  21 storm dragons
  10 tengu reavers
  7 nagarajas
  3 draconian monks
  2 daevas (Depths:3)
  9 fire giants
  2 draconian knights
  A revenant (Crypt:2)
  The ghost of nalyd1 the Warrior, a journeyman MiFi of Hepliaklqana (Snake:3)
  8 deep elf sorcerers
  An iron dragon (Vaults:5)
  4 frost giants
  Aizul (Snake:1)
  14 vault wardens
  3 orc warlords
  2 balrugs
  4 ghost moths
  A caustic shrike zombie (Crypt:2)
  7 draconian shifters
  5 angels
  The ghost of ggurman the Bludgeoner, a journeyman MiFi of Okawaru (Orc:1)
  3 draconian stormcallers
  3 ghouls (Crypt:1)
  4 draconian annihilators
  A war gargoyle (Vaults:4)
  3 ironbound thunderhulks (Vaults:3)
  4 deep elf elementalists (Elf:3)
  20 stone giants
  A spriggan defender (Depths:1)
  A reaper (Crypt:2)
  Nessos (D:15)
  27 ironbound preservers
  10 green draconians
  6 vampire knights
  12 very ugly things
  10 white draconians
  14 black draconians
  6 deep elf demonologists (Elf:3)
  10 purple draconians
  A spark wasp (shapeshifter) (Depths:3)
  15 dire elephants
  12 deep elf annihilators
  2 minotaurs
  11 red draconians
  5 spark wasps
  8 yellow draconians
  An eidolon (Crypt:1)
  10 ettins
  A crystal guardian (Vaults:4)
  2 merfolk javelineers
  An acid blob zombie (Crypt:1)
  6 deep elf death magi
  3 deep elf high priests
  8 fire dragons
  5 great orbs of eyes
  18 yaktaur captains
  4 jiangshi
  An entropy weaver (Vaults:2)
  7 merfolk impalers
  2 spriggan zombies
  2 peacekeepers (Vaults:4)
  30 vault guards
  2 rakshasas (Depths:2)
  5 hydras
  6 salamander tyrants
  8 ice dragons
  An ogre mage (Vaults:4)
  A spriggan air mage (Depths:4)
  3 ironbound frosthearts (Vaults:3)
  2 catoblepae
  8 two-headed ogres
  3 death knights
  19 anacondas
  3 merfolk avatars
  14 centaur warriors
  14 dancing weapons
  10 satyrs (Shoals:4)
  3 boulder beetles
  3 merfolk aquamancers
  3 death yaks (Shoals:4)
  7 deep troll earth magi
  A spriggan berserker (Depths:1)
  27 naga warriors
  A hell hog (Depths:4)
  5 deep troll shamans
  An Orb Guardian skeleton (Crypt:1)
  9 tengu warriors
  A death yak (shapeshifter) (Vaults:4)
  8 orc high priests
  A titan zombie (Crypt:2)
  2 vampire magi (Crypt:1)
  3 sun demons
  3 iron trolls
  14 shock serpents
  4 deep elf knights
  13 naga sharpshooters
  A shadow wraith (Crypt:2)
  A titan skeleton (Crypt:1)
  7 skysharks
  A storm dragon zombie (Crypt:1)
  8 salamander mystics
  A storm dragon skeleton (Crypt:1)
  7 skeletal warriors
  74 deep trolls
  3 flayed ghosts
  9 glowing orange brains
  A wretched star (Gauntlet)
  9 naga ritualists
  2 death drakes
  A bog body (Crypt:1)
  10 sea snakes
  19 ironbound convokers
  14 orc knights
  19 mana vipers
  11 deep elf archers
  3 necromancers
  16 wizards
  13 lindwurms
  16 deep elf zephyrmancers
  3 phantasmal warriors (Vaults:4)
  29 harpies
  34 deep elf pyromancers
  53 ugly things
  3 orc sorcerers
  10 cyclopes
  20 manticores
  A shining eye (shapeshifter) (Vaults:5)
  30 salamanders
  3 oklob plants
  A faun (shapeshifter) (Vaults:5)
  27 elephants
  9 guardian serpents
  8 fauns
  22 moths of wrath
  18 vault sentinels
  4 water nymphs
  29 naga magi
  18 cane toads
  A centaur zombie (Crypt:1)
  A torpor snail (Lair:3)
  4 molten gargoyles (Elf:1)
  A smoke demon (Depths:2)
  55 black mambas
  4 merfolk sirens (Shoals:2)
  A hellion (Depths:4)
  A catoblepas zombie (Crypt:2)
  Maggie (D:7)
  4 komodo dragons
  A kobold demonologist (D:9)
  5 rime drakes
  32 yaktaurs
  2 efreet (D:14)
  A tormentor (Zot:1)
  5 tengu conjurers
  An alligator snapping turtle skeleton (Crypt:1)
  4 freezing wraiths
  6 meliai
  2 wind drakes (shapeshifter)
  7 trolls
  A queen bee (Lair:3)
  A tyrant leech (shapeshifter) (Vaults:5)
  8 hornets
  32 merfolk
  3 polar bears
  4 wind drakes
  A tarantella (Vaults:4)
  7 blink frogs
  Grinder (D:5)
  An iron dragon simulacrum (Crypt:1)
  2 small abominations (Gauntlet)
  8 snapping turtles
  15 dream sheep
  An ice dragon zombie (Crypt:1)
  3 flying skulls (Crypt:1)
  5 air elementals
  23 slime creatures
  A centaur simulacrum (D:14)
  4 spriggans
  25 water elementals
  2 vampires (D:9)
  A hog (D:13)
  44 yaks
  A satyr skeleton (Crypt:1)
  9 wraiths
  A shadow (D:10)
  6 wyverns
  9 fire elementals
  A fire bat (shapeshifter) (D:14)
  3 fire bats (Depths:4)
  A golden eye (Zot:5)
  4 basilisks
  3 steam dragons
  11 vampire mosquitoes
  2 chaos spawn (Zot:4)
  4 redbacks
  Menkaure (D:6)
  A harpy simulacrum (Crypt:2)
  52 nagas
  11 wargs
  4 hydra simulacra (Depths:2)
  An acid dragon (shapeshifter) (Depths:4)
  2 acid dragons
  13 water moccasins
  A hell hound (Gauntlet)
  2 floating eyes (shapeshifter)
  A floating eye (Depths:1)
  2 ice beasts
  18 orc warriors
  2 sky beasts
  9 ogres
  5 black bears
  6 centaurs
  A tengu (shapeshifter) (Vaults:4)
  A swamp dragon skeleton (Crypt:2)
  20 wolves
  A blink frog skeleton (Crypt:1)
  3 phantoms
  10 bullfrogs
  3 gnoll sergeants
  23 kobold brigands
  A necrophage (Crypt:1)
  3 earth elementals
  A scorpion (D:2)
  9 wights
  32 killer bees
  7 electric eels
  8 howler monkeys
  37 orc priests
  3 hounds
  2 jellies (D:6)
  2 gnoll boudas
  3 iguanas
  2 sleepcaps
  19 orc wizards
  2 hell rats (Lair:3)
  22 gnolls
  3 adders
  A river rat (Lair:3)
  A shadow imp (D:5)
  A jelly zombie (Crypt:1)
  A lava snake zombie (Crypt:1)
  2 worms
  A dart slug (D:4)
  77 orcs
  7 bats
  6 endoplasms
  4 giant cockroaches
  7 goblins
  3 hobgoblins
  2 jackals (D:4)
  31 kobolds
  4 quokkas
  7 ball pythons
  7 frilled lizards
  A giant cockroach zombie (Crypt:2)
  A jackal skeleton (Crypt:1)
  5 rats
  A river rat skeleton (Crypt:1)
2233 creatures vanquished.

Vanquished Creatures (collateral kills)
  Frances (Snake:1)
  A kraken (Shoals:4)
  A draconian monk (Zot:5)
  A hydra (Lair:2)
  A faun (Shoals:4)
  A wind drake (Shoals:4)
  A slime creature (Vaults:4)
7 creatures vanquished.

Vanquished Creatures (others)
  Polyphemus (Shoals:4)
  A death cob (Zot:4)
  A ghost moth (Zot:1)
  An orc high priest (Orc:2)
  A deep elf knight (Elf:3)
  An ironbound convoker (Vaults:5)
  2 deep elf zephyrmancers (Elf:1)
  2 moths of wrath (Zot:5)
  A hornet (shapeshifter) (Elf:1)
  2 water elementals (Depths:2)
  A fire elemental (Elf:2)
  A human (D:13)
  2 hydra simulacra (Depths:2)
  An ogre (Vaults:5)
  4 tentacles (Shoals:4)
22 creatures vanquished.

Grand Total: 2262 creatures vanquished

Notes
Turn   | Place    | Note
-------+----------+-------------------------------------------
     0 | D:1      | diecastcamel the Draconian Berserker began the quest for
                  | the Orb.
     0 | D:1      | Reached XP level 1. HP: 19/19 MP: 1/1
   168 | D:1      | Found a faded altar of an unknown god.
   237 | D:1      | Reached XP level 2. HP: 26/26 MP: 2/2
  1022 | D:2      | Noticed a scorpion
  1043 | D:2      | Killed a scorpion
  1044 | D:2      | Reached skill level 5 in Long Blades
  1044 | D:2      | Reached XP level 3. HP: 31/31 MP: 3/3
  1044 | D:2      | Reached XP level 4. HP: 38/38 MP: 4/4
  1134 | D:2      | Identified the +3 falchion of the Endless Expanse {freeze,
                  | rPois MP+9}
  1822 | D:2      | Reached ** piety under Trog
  2077 | D:3      | Reached XP level 5. HP: 45/45 MP: 5/5
  2322 | D:3      | Identified the +3 leather armour of Death Resistance {rN+}
  2963 | D:4      | Reached XP level 6. HP: 49/52 MP: 6/6
  3208 | D:4      | Noticed Sigmund
  3210 | D:4      | Sigmund changed into Sigmund the killer bee
  3210 | D:4      | Noticed Sigmund
  3224 | D:4      | Killed Sigmund the killer bee
  3404 | D:4      | Your scales start taking on a rich purple colour.
  3404 | D:4      | Reached XP level 7. HP: 48/60 MP: 7/7
  3631 | D:4      | Reached skill level 5 in Fighting
  3897 | D:4      | Found a broken altar of Ashenzari.
  4235 | D:5      | Entered Level 5 of the Dungeon
  4454 | D:5      | Found a sacrificial altar of Ru.
  4703 | D:5      | Reached skill level 1 in Shields
  4703 | D:5      | Reached XP level 8. HP: 70/70 MP: 8/8
  4707 | D:5      | Noticed Grinder
  4727 | D:5      | Killed Grinder
  4889 | D:5      | Found a staircase to the Ecumenical Temple.
  5015 | D:5      | Found an ornate altar of the Wu Jian Council.
  5095 | D:5      | Found a runed translucent door.
  5096 | D:5      | Noticed Crazy Yiuf
  5821 | D:6      | Reached *** piety under Trog
  6116 | D:5      | Reached skill level 10 in Long Blades
  6116 | D:5      | Reached XP level 9. HP: 76/78 MP: 9/9
  6684 | D:7      | Noticed Maggie
  6698 | D:7      | Killed Maggie
  6772 | D:7      | Noticed Menkaure
  7142 | D:6      | Killed Menkaure
  7159 | D:7      | Reached skill level 5 in Shields
  7282 | D:7      | Found a runed translucent gate.
  7283 | D:7      | Found a runed translucent gate.
  7293 | D:7      | Noticed Shake04's ghost (novice GrFi)
  7300 | D:7      | Found a runed translucent gate.
  7516 | D:7      | Reached skill level 1 in Evocations
  7703 | D:8      | Noticed Gastronok
  7717 | D:8      | Killed Gastronok
  7718 | D:8      | Reached skill level 5 in Dodging
  7718 | D:8      | Reached XP level 10. HP: 90/90 MP: 10/10
  8475 | D:8      | Found a runed translucent door.
  8475 | D:8      | Noticed Aviaq's ghost (novice DrHu)
  8822 | D:8      | Found Xumiarai's Antique Armour Shoppe.
  8830 | D:8      | Bought a pair of boots for 139 gold pieces
  9241 | D:9      | Reached **** piety under Trog
  9628 | D:9      | Reached skill level 5 in Evocations
  9737 | D:9      | Reached XP level 11. HP: 97/97 MP: 11/11
  9911 | D:10     | Entered Level 10 of the Dungeon
 10111 | D:10     | Reached skill level 10 in Fighting
 10360 | D:10     | Found a runed translucent gate.
 10360 | D:10     | Found a runed translucent gate.
 10360 | D:10     | Found a runed translucent gate.
 10360 | D:10     | Noticed a sea snake
 10361 | D:10     | Noticed a green ugly thing
 10364 | D:10     | a sea snake changed into a skyshark
 10364 | D:10     | Noticed a skyshark (glowing shapeshifter)
 10480 | D:10     | Found a staircase to the Orcish Mines.
 10485 | D:10     | Reached ***** piety under Trog
 10662 | D:10     | Found a blossoming altar of Fedhas.
 10662 | D:10     | Found a faded altar of an unknown god.
 10670 | D:10     | Found a hide-covered altar of Uskayaw.
 10672 | D:10     | Found a hazy altar of Hepliaklqana.
 10674 | D:10     | Found an iron altar of Okawaru.
 10779 | D:10     | Noticed a harpy
 10780 | D:10     | a harpy changed into something unseen
 11065 | D:10     | Noticed a red ugly thing
 11065 | D:10     | Noticed a cyan ugly thing
 11065 | D:10     | Noticed a cyan ugly thing
 11065 | D:10     | Noticed a cyan ugly thing
 11066 | D:10     | Noticed a goliath frog
 11068 | D:10     | a goliath frog changed into a fire dragon
 11068 | D:10     | Noticed a fire dragon (glowing shapeshifter)
 11073 | D:10     | a fire dragon changed into a tyrant leech
 11193 | D:11     | Received a gift from Trog
 11538 | D:11     | Noticed an oklob plant
 11539 | D:11     | Noticed an oklob plant
 11636 | D:11     | Noticed a boulder beetle
 11665 | D:11     | Killed a boulder beetle
 11901 | D:11     | Noticed a two-headed ogre
 11919 | D:11     | Killed a two-headed ogre
 12076 | D:11     | Found a staircase to the Lair.
 12090 | D:11     | Killed an oklob plant
 12155 | D:11     | Killed an oklob plant
 12224 | Lair:1   | Entered Level 1 of the Lair of Beasts
 12289 | Lair:1   | Reached XP level 12. HP: 108/110 MP: 12/12
 13292 | Lair:2   | Found a staircase to the Snake Pit.
 13471 | Lair:2   | Found a runed translucent gate.
 13472 | Lair:2   | Found a runed translucent gate.
 13938 | Lair:2   | Identified the staff of cold "Carchap" {rElec rC+ Int+4}
 14249 | Lair:2   | Found a staircase to the Shoals.
 14364 | Lair:2   | Found a runed translucent gate.
 14365 | Lair:2   | Noticed ShellytheWitch's ghost (journeyman MiBe)
 14366 | Lair:2   | Noticed Stellion's ghost (journeyman DECj)
 14487 | Lair:2   | Reached XP level 13. HP: 119/119 MP: 13/13
 15264 | Lair:3   | Reached skill level 10 in Dodging
 15467 | Lair:3   | Found a runed translucent gate.
 15468 | Lair:3   | Found a runed translucent gate.
 15838 | Lair:3   | Reached skill level 15 in Long Blades
 16232 | Lair:3   | Received a gift from Trog
 16507 | Lair:3   | Found a runed translucent gate.
 16508 | Lair:3   | Noticed Yjeari's ghost (journeyman GrMo)
 18057 | Lair:5   | Entered Level 5 of the Lair of Beasts
 18082 | Lair:5   | Noticed Sonja
 18088 | Lair:5   | Sonja changed into Sonja the sky beast
 18088 | Lair:5   | Noticed Sonja
 18094 | Lair:5   | Killed Sonja the sky beast
 18451 | Lair:5   | Reached XP level 14. HP: 132/132 MP: 14/14
 18529 | Lair:5   | Found a runed translucent door.
 18529 | Lair:5   | Found a viscous altar of Jiyva.
 18530 | Lair:5   | Found a staircase to the Slime Pits.
 18530 | Lair:5   | Noticed an azure jelly
 19526 | Lair:5   | Found the +4 robe of Folly {Brill Will-∞ Int+8}
 19639 | Lair:5   | Identified the +8 rapier of Holding Evisceration {flame,
                  | rCorr}
 19810 | Orc:1    | Entered Level 1 of the Orcish Mines
 19810 | Orc:1    | Noticed Jorgrun
 19849 | D:10     | Killed Jorgrun
 20060 | Orc:1    | Reached skill level 10 in Evocations
 20151 | Orc:1    | Found Aschoil's Self-Improvement Boutique.
 20163 | Orc:1    | Bought a manual of Dodging for 1200 gold pieces
 20208 | Orc:1    | Found Liotof's Jewellery Shoppe.
 20259 | Orc:1    | Found Zeson's Distillery.
 20289 | Orc:1    | Identified the +4 scimitar "Lapluuv" {antimagic, rF+ Int-4
                  | Dex+3 Stlth+} (Trog gifted it to you on level 1 of the
                  | Orcish Mines)
 20289 | Orc:1    | Received a gift from Trog
 20387 | Orc:1    | Found a runed translucent gate.
 20387 | Orc:1    | Found a runed translucent gate.
 20387 | Orc:1    | Found a runed translucent gate.
 20389 | Orc:1    | Found an opulent altar of Gozag.
 20390 | Orc:1    | Found Mame's Assorted Antiques.
 20391 | Orc:1    | Noticed ggurman's ghost (journeyman MiFi)
 20583 | Orc:1    | Found Ipuonogh's Jewellery Shop.
 20754 | Orc:2    | Entered Level 2 of the Orcish Mines
 21139 | Orc:2    | Reached skill level 15 in Fighting
 21158 | Orc:2    | Found a staircase to the Elven Halls.
 21421 | Orc:2    | Found Zib Bym's General Store.
 21421 | Orc:2    | Found Wetwyhy's Weapon Shop.
 21534 | Orc:2    | Found Utzozien's Magic Scroll Emporium.
 21536 | Orc:2    | Found Quolip's Armour Shop.
 21958 | Orc:2    | Bought 2 scrolls of identify for 56 gold pieces
 21991 | Orc:2    | Bought a scroll of identify for 22 gold pieces
 22050 | Orc:1    | Bought the ring "Malut" {rF+ Int+8 Dex+6 Stlth-} for 719
                  | gold pieces
 22514 | D:12     | Received a gift from Trog
 23259 | D:13     | Found a gate leading to a gauntlet.
 23270 | Gauntlet | Entered a Gauntlet
 23270 | Gauntlet | Found a transporter.
 23270 | Gauntlet | Found a transporter.
 23270 | Gauntlet | Found a transporter.
 23279 | Gauntlet | Found a transporter.
 23281 | Gauntlet | Noticed a balrug
 23293 | Gauntlet | Found a transporter.
 23298 | Gauntlet | Found a transporter.
 23309 | Gauntlet | Found a transporter.
 23314 | Gauntlet | Found a transporter.
 23316 | Gauntlet | Found a transporter.
 23387 | Gauntlet | Found a transporter.
 23401 | Gauntlet | Found a transporter.
 23411 | Gauntlet | Found a transporter.
 23500 | Gauntlet | Killed a balrug
 23512 | Gauntlet | Identified the amulet of the Greedy {Spirit Harm Int+2}
 23528 | Gauntlet | Reached XP level 15. HP: 141/141 MP: 5/15
 23561 | Gauntlet | Identified the +0 pair of gloves "Etohoe" {rF++ Str-3}
 23619 | Gauntlet | Identified the +8 sling of Dosac {elec, +Blink rCorr}
 23852 | D:13     | Noticed Kirke
 23878 | D:13     | Killed Kirke
 24900 | Snake:1  | Entered Level 1 of the Snake Pit
 25347 | Snake:1  | Noticed Frances
 25473 | Snake:1  | Killed Frances
 25658 | Snake:1  | Noticed Aizul
 25718 | Snake:1  | Reached skill level 15 in Dodging
 25723 | Snake:1  | Noticed a nagaraja
 25727 | Snake:1  | HP: 5/143 [anaconda (9)]
 25866 | Shoals:1 | Entered Level 1 of the Shoals
 26199 | Shoals:1 | Identified a scroll of acquirement
 26200 | Shoals:1 | Acquired a +0 demon blade of electrocution
 26500 | Shoals:1 | Identified the +6 war axe of Qinlig {speed, rC++ Stlth-}
 28003 | Shoals:2 | Identified the +0 scale mail of Qangeesk {Str+2}
 28608 | Shoals:3 | Reached XP level 16. HP: 131/154 MP: 16/16
 29520 | D:14     | Found an iron altar of Okawaru.
 29714 | D:14     | Identified the +3 hand axe "Castoawk" {venom, Will- Int+4
                  | SInv}
 29749 | D:14     | Found a gate to the Vaults.
 30120 | D:14     | Noticed a shadow dragon
 30173 | D:14     | Killed a shadow dragon
 30523 | D:14     | Reached ****** piety under Trog
 30779 | D:15     | Entered Level 15 of the Dungeon
 30787 | D:15     | Noticed Nessos
 30811 | D:15     | Killed Nessos
 30817 | D:15     | Received a gift from Trog
 31385 | D:15     | Found Suinytege's Jewellery Shoppe.
 31499 | D:15     | Reached XP level 17. HP: 162/162 MP: 17/17
 31628 | D:15     | Found a staircase to the Depths.
 31888 | Orc:1    | Bought an amulet of reflection for 330 gold pieces
 32464 | Shoals:4 | Entered Level 4 of the Shoals
 33151 | Shoals:4 | Identified the ring "Hunaq" {+Blink Fly Will+ MP-9 SInv}
 33379 | Shoals:4 | Noticed Polyphemus
 33392 | Shoals:4 | Received a gift from Trog
 33426 | Shoals:4 | Killed Polyphemus
 33430 | Shoals:4 | Reached XP level 18. HP: 71/172 MP: 18/18
 33766 | Shoals:4 | Acquired the +3 crown of Dyrovepreva {rElec Int+2 SInv}
 33766 | Shoals:4 | Found the +3 crown of Dyrovepreva {rElec Int+2 SInv}
 34815 | Shoals:4 | Reached skill level 10 in Shields
 34826 | Shoals:4 | Reached skill level 15 in Evocations
 34828 | Shoals:4 | Got a barnacled rune of Zot
 35311 | Snake:1  | Killed Aizul
 35496 | Snake:1  | Found Idiogoytz's One-of-a-Kind Rings.
 35498 | Snake:1  | Identified Roxanne's Directory of the Shift
 35498 | Snake:1  | Noticed Roxanne
 35559 | Snake:1  | Noticed monsoonserge's ghost (adept TrFi)
 35566 | Snake:1  | Found a runed translucent gate.
 35566 | Snake:1  | Found a runed translucent gate.
 35568 | Snake:1  | Found a runed translucent gate.
 35638 | Snake:1  | Received a gift from Trog
 36725 | Snake:2  | Noticed Mlioglotl
 36743 | Snake:2  | Killed Mlioglotl
 38310 | Snake:3  | Received a gift from Trog
 38379 | Snake:3  | Reached skill level 15 in Shields
 38769 | Snake:2  | Reached XP level 19. HP: 179/182 MP: 19/19
 38829 | Snake:2  | Identified the +1 shortbow of Twilight {drain, rC+}
 39477 | Snake:3  | Found Hakugam's Mass Market.
 39525 | Snake:3  | Found a runed translucent gate.
 39525 | Snake:3  | Found a runed translucent gate.
 39525 | Snake:3  | Found a runed translucent gate.
 39603 | Snake:3  | Found a glowing golden altar of the Shining One.
 40245 | Snake:3  | Noticed nalyd1's ghost (journeyman MiFi)
 40261 | Snake:3  | Killed nalyd1's ghost
 40318 | Snake:4  | Entered Level 4 of the Snake Pit
 40732 | Snake:4  | Received a gift from Trog
 41130 | Snake:4  | Found an iron altar of Okawaru.
 42199 | Snake:4  | Received a gift from Trog
 43273 | Snake:4  | Got a serpentine rune of Zot
 43350 | Snake:4  | Found a runed translucent gate.
 43350 | Snake:4  | Found a runed translucent gate.
 43350 | Snake:4  | Found a runed translucent gate.
 43814 | Elf:1    | Entered Level 1 of the Elven Halls
 43832 | Elf:1    | Reached XP level 20. HP: 198/199 MP: 11/20
 43854 | Elf:1    | Received a gift from Trog
 44853 | Elf:1    | Identified the +5 scale mail of Birdsong {+Inv}
 45205 | Elf:2    | Paralysed by an air elemental for 1 turns
 45285 | Elf:2    | Paralysed by an air elemental for 1 turns
 45531 | Elf:2    | Paralysed by an air elemental for 1 turns
 45594 | Elf:2    | Received a gift from Trog
 45949 | Elf:2    | Found a huge runed translucent gate.
 45949 | Elf:2    | Found a huge runed translucent gate.
 45949 | Elf:2    | Found a huge runed translucent gate.
 45949 | Elf:2    | Found a huge runed translucent gate.
 45949 | Elf:2    | Found a huge runed translucent gate.
 46072 | Elf:2    | Acquired 542 gold pieces
 46440 | Elf:3    | Entered Level 3 of the Elven Halls
 47754 | Elf:3    | Identified the +0 hand axe of Liycach {heavy, rN+ Will+}
 47860 | Elf:3    | Received a gift from Trog
 48400 | Elf:3    | Identified the amulet "Igofedisch" {Faith rPois}
 48501 | Elf:3    | Identified the +10 glaive of Impatience {freeze, rN+ Dex+3}
 48501 | Elf:3    | Identified the ring "Xijoof Goq" {rF+ rN+ Will- Dex+6}
 48508 | Elf:3    | Identified the ring "Fefupas" {rCorr EV+5 Stlth+}
 48551 | Elf:3    | Identified the +4 long sword of a volcano {heavy, Fly}
 48761 | Elf:3    | Identified the +8 sling of Upheaval {heavy, Fragile rF+ rN+
                  | Dex+2}
 48775 | Elf:3    | Identified the +8 shortbow "Utoutur" {flame, rN+ Int-3
                  | Dex+4}
 48785 | Elf:3    | Identified the +8 shortbow of Invincibility {freeze, Drain
                  | rN+ Str+6}
 48788 | Elf:3    | Identified the staff of conjuration "Venof" {Str+3 SInv}
 49445 | Vaults:1 | Entered Level 1 of the Vaults
 49445 | Vaults:1 | Noticed Asterion
 49458 | Vaults:1 | Killed Asterion
 49875 | Vaults:1 | Received a gift from Trog
 49876 | Vaults:1 | Reached XP level 21. HP: 213/213 MP: 12/21
 50039 | Vaults:1 | Found a huge runed gate.
 50039 | Vaults:1 | Found a huge runed gate.
 50039 | Vaults:1 | Found a huge runed gate.
 50040 | Vaults:1 | Found a huge runed gate.
 50040 | Vaults:1 | Found a huge runed gate.
 50040 | Vaults:1 | Found a huge runed gate.
 50040 | Vaults:1 | Found a huge runed gate.
 50050 | Vaults:1 | Found a huge runed gate.
 50050 | Vaults:1 | Found a huge runed gate.
 50050 | Vaults:1 | Found a huge runed gate.
 50060 | Vaults:1 | Found a huge runed gate.
 51003 | Vaults:1 | Received a gift from Trog
 51022 | Vaults:1 | Found a huge runed gate.
 51023 | Vaults:1 | Found a huge runed gate.
 51023 | Vaults:1 | Found a huge runed gate.
 51023 | Vaults:1 | Found a huge runed gate.
 51026 | Vaults:1 | Found a huge runed gate.
 51026 | Vaults:1 | Found a huge runed gate.
 51026 | Vaults:1 | Found a huge runed gate.
 51026 | Vaults:1 | Found a huge runed gate.
 51026 | Vaults:1 | Found a huge runed gate.
 51027 | Vaults:1 | Found a huge runed gate.
 51028 | Vaults:1 | Found a huge runed gate.
 51029 | Vaults:1 | Found a huge runed gate.
 51030 | Vaults:1 | Found a huge runed gate.
 51038 | Vaults:1 | Found a huge runed gate.
 51038 | Vaults:1 | Found a huge runed gate.
 51038 | Vaults:1 | Found a huge runed gate.
 51038 | Vaults:1 | Found a huge runed gate.
 51038 | Vaults:1 | Found a huge runed gate.
 51038 | Vaults:1 | Found a huge runed gate.
 51039 | Vaults:1 | Found a huge runed gate.
 51040 | Vaults:1 | Found a huge runed gate.
 51041 | Vaults:1 | Found a huge runed gate.
 51049 | Vaults:1 | Found a huge runed gate.
 51049 | Vaults:1 | Found a huge runed gate.
 51049 | Vaults:1 | Found a huge runed gate.
 51436 | Vaults:2 | Found Capn's Magic Scroll Shop.
 51439 | Vaults:2 | Bought a scroll of enchant weapon for 97 gold pieces
 51441 | Vaults:2 | Bought a scroll of blinking for 97 gold pieces
 51451 | Vaults:2 | Found Xotoudu's Antique Armour Shoppe.
 51459 | Vaults:2 | Bought a pair of embroidered boots for 277 gold pieces
 51459 | Vaults:2 | Bought a pair of embroidered boots for 277 gold pieces
 51515 | Vaults:2 | Found Vixyi's Jewellery Shop.
 51967 | Vaults:2 | Found Luneopt's Weapon Boutique.
 52092 | Vaults:2 | Found Risuaj's General Store.
 52145 | Vaults:2 | Bought a scroll of blinking for 165 gold pieces
 52321 | Vaults:2 | Found a staircase to the Crypt.
 53193 | Orc:1    | Killed ggurman's ghost
 53244 | Orc:1    | Bought a scroll of teleportation for 108 gold pieces
 53244 | Orc:1    | Bought a scroll of teleportation for 108 gold pieces
 53997 | Vaults:3 | Received a gift from Trog
 54754 | Vaults:3 | You are sucked into a shaft and drop 1 floor!
 55128 | Vaults:3 | Received a gift from Trog
 55618 | Vaults:3 | Reached XP level 22. HP: 226/226 MP: 13/22
 56333 | Vaults:4 | Received a gift from Trog
 56624 | Vaults:4 | Found Gudauwk's Weapon Shop.
 57307 | Vaults:4 | Received a gift from Trog
 57837 | Depths:1 | Entered Level 1 of the Depths
 57884 | Depths:1 | Found a gateway to Hell.
 57885 | Depths:1 | Noticed Bai Suzhen
 57911 | Depths:1 | Killed Bai Suzhen
 58118 | Depths:1 | Identified the +11 broad axe of the Spider Nest {freeze,
                  | Drain rElec rF+++ rN+}
 58737 | Depths:1 | Paralysed by a floating eye for 3 turns
 58943 | Depths:1 | Found a one-way gate leading to the halls of Pandemonium.
 59203 | Depths:1 | Acquired 1127 gold pieces
 59872 | Depths:2 | Identified the +5 dagger of Imminent Death {holy, rElec
                  | rPois}
 59920 | Depths:1 | Reached XP level 23. HP: 188/238 MP: 14/23
 60326 | Depths:2 | Received a gift from Trog
 61052 | Depths:2 | Noticed a juggernaut
 61074 | Depths:2 | Killed a juggernaut
 61648 | Depths:3 | Found a white marble altar of Elyvilon.
 61830 | Depths:3 | Found a one-way gateway to a ziggurat.
 62113 | Depths:3 | Found Iqaablom's Magic Scroll Emporium.
 62142 | Depths:3 | Bought a scroll of teleportation for 69 gold pieces
 62142 | Depths:3 | Bought a scroll of amnesia for 92 gold pieces
 62142 | Depths:3 | Bought a scroll of teleportation for 69 gold pieces
 62142 | Depths:3 | Bought a scroll of teleportation for 69 gold pieces
 62142 | Depths:3 | Bought a scroll of blinking for 172 gold pieces
 62142 | Depths:3 | Bought a scroll of enchant weapon for 172 gold pieces
 62210 | Depths:3 | Found a portal to a secret trove of treasure.
 62212 | Depths:3 | Identified the +9 great mace "Tormentor" {spect, rPois
                  | Int+3 SInv Stlth+}
 62244 | Depths:3 | You paid a toll of 5 scrolls of fog to enter a treasure
                  | trove
 62245 | Trove    | Entered a treasure trove
 62321 | Depths:3 | Found a one-way gate to the infinite horrors of the Abyss.
 62577 | Depths:3 | Received a gift from Trog
 62657 | Depths:3 | Found a runed translucent door.
 63298 | Crypt:1  | Entered Level 1 of the Crypt
 63337 | Crypt:1  | Reached skill level 27 in Fighting
 64020 | Crypt:1  | Identified the +6 demon blade "Yraifael" {flame, Contam
                  | rElec rC- Dex+9} (Trog gifted it to you on level 1 of the
                  | Crypt)
 64020 | Crypt:1  | Received a gift from Trog
 64790 | Crypt:2  | Noticed Vv
 65258 | Vaults:5 | Entered Level 5 of the Vaults
 65479 | Vaults:4 | Received a gift from Trog
 65661 | Vaults:5 | Noticed a dread lich
 66258 | Vaults:4 | Killed a dread lich
 66274 | Vaults:4 | Reached XP level 24. HP: 214/249 MP: 4/23
 67338 | Vaults:4 | Identified the +6 falchion of Moral Flaws {heavy, rN+}
                  | (Trog gifted it to you on level 4 of the Vaults)
 67338 | Vaults:4 | Received a gift from Trog
 67922 | Vaults:5 | Identified the +6 dire flail of the Big Bang {drain, Will+}
 68232 | Vaults:5 | Identified the ring "Senonogo" {rElec rF+ rCorr MP+9}
 68299 | Vaults:5 | Identified the +1 scimitar of the New World {drain, Drain
                  | rF+++ Will- rCorr}
 68575 | Vaults:5 | Noticed a dread lich
 68588 | Vaults:5 | Killed a dread lich
 68702 | Vaults:5 | Identified the +9 scimitar of Uncomfortable Rashes
                  | {antimagic, rElec Dex+3 SInv} (Trog gifted it to you on
                  | level 5 of the Vaults)
 68702 | Vaults:5 | Received a gift from Trog
 68841 | Vaults:5 | Found the amulet of Vitality {RegenMP++ Regen++}
 68875 | Vaults:5 | Got a silver rune of Zot
 69266 | Vaults:5 | Identified the +4 pair of boots of Rotation {SInv}
 69292 | Vaults:5 | Identified the +9 sling "Defutriu" {heavy, MP+9 Dex+5}
 69379 | Vaults:5 | Identified the +7 dagger of Eternal Vigilance {speed,
                  | Contam rElec rN+ SInv}
 69385 | Vaults:5 | Identified the +0 chain mail of Thoughtfulness {Dex+6}
 69665 | Depths:4 | Entered Level 4 of the Depths
 69938 | Orc:2    | Bought a scroll of teleportation for 42 gold pieces
 69938 | Orc:2    | Bought a scroll of enchant armour for 105 gold pieces
 69975 | Orc:1    | Bought a potion of heal wounds for 90 gold pieces
 69975 | Orc:1    | Bought a potion of heal wounds for 90 gold pieces
 69975 | Orc:1    | Bought a potion of curing for 54 gold pieces
 69975 | Orc:1    | Bought a potion of curing for 54 gold pieces
 70316 | Depths:4 | Noticed Sojobo
 70330 | Depths:4 | Paralysed by an air elemental for 1 turns
 70332 | Depths:4 | Killed Sojobo
 70402 | Depths:3 | Identified the +8 quarterstaff of Beogh's Hatred {freeze,
                  | Drain rC++ SInv}
 70573 | Depths:4 | Noticed a juggernaut
 70685 | Depths:4 | Killed a juggernaut
 70954 | Depths:4 | Found Fynn's Tiny Tomes.
 71144 | Depths:4 | Found a gate to the Realm of Zot.
 71781 | Zot:1    | Entered Level 1 of the Realm of Zot
 72262 | Zot:1    | Reached XP level 25. HP: 249/257 MP: 4/23
 72400 | Zot:1    | Identified the +10 scimitar of Infinite Pain {antimagic,
                  | rElec Dex-4 SInv} (Trog gifted it to you on level 1 of the
                  | Realm of Zot)
 72400 | Zot:1    | Received a gift from Trog
 72444 | Zot:1    | Noticed an orb of fire
 73107 | Zot:1    | Gained mutation: You sometimes lose your temper in combat.
                  | [an orb of fire]
 73108 | Zot:1    | Gained mutation: You have an uncontrollable temper. [an orb
                  | of fire]
 73119 | Zot:1    | Killed an orb of fire
 73322 | Zot:1    | Lost mutation: You have an uncontrollable temper. [potion
                  | of mutation]
 73322 | Zot:1    | Lost mutation: You sometimes lose your temper in combat.
                  | [potion of mutation]
 73322 | Zot:1    | Gained mutation: You occasionally shout uncontrollably at
                  | your foes. [potion of mutation]
 73322 | Zot:1    | Gained mutation: Your tail ends in a venomous barb. [potion
                  | of mutation]
 73322 | Zot:1    | Lost mutation: Your tail ends in a venomous barb. [potion
                  | of mutation]
 73322 | Zot:1    | Gained mutation: Your spells are a little harder to cast,
                  | but a little more powerful. [potion of mutation]
 75297 | Zot:2    | Identified the +1 chain mail of Agnosticism {rElec}
 75908 | Zot:3    | Received a gift from Trog
 76376 | Zot:4    | Noticed a Killer Klown
 76391 | Zot:4    | Killed a Killer Klown
 76462 | Zot:4    | Identified the +3 scimitar "Ocyajal" {vamp, rPois rC+++
                  | rCorr Str-5}
 76691 | Zot:4    | Noticed a Killer Klown
 76717 | Zot:4    | Killed a Killer Klown
 76726 | Zot:4    | Noticed a Killer Klown
 76751 | Zot:4    | Killed a Killer Klown
 76906 | Zot:4    | Found a shimmering altar of Xom.
 76906 | Zot:4    | Found a shimmering altar of Xom.
 76906 | Zot:4    | Found a shimmering altar of Xom.
 76906 | Zot:4    | Found a glowing silver altar of Zin.
 76961 | Zot:4    | Found a shimmering altar of Xom.
 76961 | Zot:4    | Found a shimmering altar of Xom.
 77223 | Zot:4    | Found a shimmering altar of Xom.
 77300 | Zot:4    | Received a gift from Trog
 77719 | Zot:4    | Reached XP level 26. HP: 266/266 MP: 14/23
 77735 | Zot:5    | Entered Level 5 of the Realm of Zot
 78481 | Zot:5    | Reached skill level 27 in Dodging
 78729 | Zot:5    | Identified the +2 robe of Luumiloug {rCorr}
 79185 | Zot:5    | Gained mutation: Your magical capacity is low. (-10% MP)
                  | [an orb of fire]
 79185 | Zot:5    | Noticed an orb of fire
 79186 | Zot:5    | Noticed an ancient lich
 79208 | Zot:5    | Killed an orb of fire
 79219 | Zot:5    | Killed an ancient lich
 79543 | Zot:5    | Noticed a dread lich
 79546 | Zot:5    | Noticed a dread lich
 79560 | Zot:5    | Noticed an orb of fire
 79560 | Zot:5    | Noticed a dread lich
 79768 | Zot:5    | Noticed an ancient lich
 79788 | Zot:5    | Killed an ancient lich
 79980 | Zot:5    | Killed an orb of fire
 80259 | Zot:5    | Killed a dread lich
 80417 | Zot:5    | Killed a dread lich
 80586 | Zot:5    | Noticed a dread lich
 80607 | Zot:5    | Killed a dread lich
 80667 | Zot:5    | Killed a dread lich
 80770 | Zot:5    | Noticed a dread lich
 80790 | Zot:5    | Killed a dread lich
 81061 | Zot:5    | Got the Orb of Zot
 81098 | Zot:5    | Noticed Gisil the pandemonium lord
 81191 | Zot:3    | Noticed Gyterph the pandemonium lord
 81203 | Zot:2    | Noticed Atusoohi the pandemonium lord
 81703 | D:4      | Noticed Ramm the pandemonium lord
 81798 | D:$      | Escaped with the Orb!

Illustrated notes

Levels and vault maps discovered:
D:1:      spicycebolla_arrival_transporter_tutorial, layout_loops_corners,
          chequers_ecumenical_altar_island, chequers_serial_rivers_micro_a
D:2:      layout_rooms, dk_vineyard_1, minivault_11, kennysheep_generic_room_12
D:3:      layout_rooms, chequers_serial_rivers_large_b
D:4:      layout_basic, ashenzari_altar_1, uniq_sigmund
D:5:      layout_basic, mainiacjoe_overflow_alcove_2, nzn_wu_jian_council_hall,
          temple_statues, nicolae_elevator_lobby_asterisk, uniq_grinder,
          uniq_crazy_yiuf_cottage
D:6:      layout_rooms
D:7:      layout_cave_pools, gammafunk_ghost_necromancy, lightli_minifort,
          uniq_maggie, uniq_menkaure
D:8:      nicolae_moon_pools, layout_loops_corners, serial_shops, shop,
          gammafunk_ghost_grave, uniq_gastronok
D:9:      layout_roguey [special_room_kobold]
D:10:     layout_basic, chequers_temple_overflow_minitemple,
          kennysheep_orc_monster_closet_entryway,
          ploomutoo_gammafunk_ghost_potion_laboratory, hangedman_decor_growths,
          fungi_pond_lemuel
D:11:     layout_roguey, dpeg_oklobed_lair
D:12:     layout_long_grid
D:13:     layout_roguey, gauntlet_entry_generic,
          onia_ninara_dug_in_and_dangerous, uniq_kirke
D:14:     evilmike_diamond_1, layout_stronghold, erik_vaults_1,
          okawaru_gym_becter
D:15:     grunt_enter_depths_snipers, layout_rooms, serial_shops,
          nicolae_shop_window_shopping, nicolae_water_bricks, uniq_nessos
Lair:1:   layout_concentric_octagons, infiniplex_staircase_pool
Lair:2:   layout_layer_cave, nicolae_shoals_entry_roost,
          minmay_snake_entry_guardpost_small, gammafunk_ghost_cemetery,
          minmay_lair_oklob_items, chequers_serial_rivers_micro_c
Lair:3:   regret_index_tunnel_blossom, layout_small_grid,
          gammafunk_ghost_hydra_chop
Lair:4:   layout_small_grid, chequers_serial_rivers_micro_a,
          serial_bayou_shore_a
Lair:5:   gammafunk_lair_ancient_temple, layout_concentric_octagons,
          slime_entry_2, chequers_serial_rivers_marsh, uniq_sonja
Shoals:1: layout_shoals
Shoals:2: layout_shoals, nicolae_shoals_arrival_archipelago
Shoals:3: layout_shoals
Shoals:4: shoals_end_hellmonk_lost_city, uniq_polyphemus
Snake:1:  layout_rooms, gammafunk_ghost_split, nicolae_shop_unique_rings,
          hangedman_snake_sidewinding, uniq_roxanne, uniq_aizul, uniq_frances
Snake:2:  nicolae_snake_attic_fulla_snakes, layout_grid_maze,
          nicolae_snake_gridmaze_waves, uniq_mlioglotl
Snake:3:  layout_onion, basic_altar, ebering_ghost_rock_garden, drop_trap,
          minmay_shop_mass, grunt_megastairs_1
Snake:4:  snake_pit, layout_gridlike, basic_altar, nicolae_snake_horde_hoard
Orc:1:    layout_diamond_mine, basic_altar, serial_shops,
          nicolae_shop_tiny_waterfront, shop, nicolae_shop_window_shopping,
          ebering_ghost_gozag, nicolae_shop_self_help, uniq_jorgrun
Orc:2:    st_orc_town, layout_caves, david_defended_altar_orc
Elf:1:    nicolae_elf_arrival_fired_up, layout_loops_corners,
          hangedman_elf_represent, minivault_8
Elf:2:    elven_hall_of_blades_hangedman_alternative [nicolae_blade_bullseye],
          layout_rooms, drop_trap, guppyfry_library_mini
Elf:3:    grunt_elf_hall_asides, layout_loops_corners, grunt_ministairs_8,
          due_unseen_surprise
Vaults:1: door_vault, nicolae_vaults_puzzle_piece, vaults_room_pool,
          nicolae_vaults_octothorpe, nicolae_vaults_rhombus_6,
          nicolae_vaults_triangles, nicolae_vaults_trapezoid_lopsided_1,
          nicolae_vaults_oval_intersection, vaults_room_corners,
          nicolae_vaults_tetromino_Z_1, nicolae_vaults_closet_pinwheel_3,
          nicolae_vaults_trapezoid_3, nicolae_vaults_sesquioval_fish,
          layout_vaults_ring, uniq_asterion
Vaults:2: hangedman_vaults_pinch, blue_anna_dwarven_crypt, v_misc_17,
          nicolae_vaults_taking_the_gang_shopping, grunt_vaults_twisty,
          nicolae_vaults_closet_pinwheel_6, nicolae_vaults_little_squares_4,
          v_misc_9, v_alt_pattern_4, nicolae_vaults_heart-shaped_vault,
          nicolae_vaults_trapezoid_lopsided_4, vaults_room_grid,
          layout_vaults_quadrants, serial_shops, shop, nicolae_shop_waterfront,
          shop, nicolae_shop_tiny_real_fake_doors
Vaults:3: vaults_room_pools, nicolae_vaults_little_squares_5,
          nicolae_vaults_rhombus_5, vaults_mumra_lcd,
          nicolae_vaults_three_branches, nicolae_vaults_network_quincunx
          [nicolae_vaults_network_quincunx_subvault,
          nicolae_vaults_network_quincunx_subvault,
          nicolae_vaults_network_quincunx_subvault,
          nicolae_vaults_network_quincunx_subvault,
          nicolae_vaults_network_quincunx_subvault], dpeg_vaults_hating_casters,
          hangedman_vaults_stitches, nicolae_vaults_six-pack,
          nicolae_vaults_house_1, nicolae_vaults_cochlea,
          nicolae_vaults_ring_of_whatevers, nicolae_vaults_tangram_2,
          layout_vaults_maze_bifur
Vaults:4: hangedman_vaults_trim, v_misc_23, nicolae_vaults_six-pack,
          v_alt_pattern_2, v_misc_18, nicolae_vaults_shelves_hall,
          hangedman_vaults_maws, nicolae_vaults_quadrants,
          hangedman_vaults_river_flow, layout_vaults_omnibox,
          serial_hangedman_research, hangedman_research_toxicology,
          serial_shops, nicolae_shop_bloodbath_and_beyond
Vaults:5
Crypt:1:  layout_regular_city, grunt_ministairs_11, minmay_misc_feat_pillars
Crypt:2:  layout_misc_corridors, roderic_lattice_octagonal_star, uniq_vv,
          uniq_khufu
Depths:1: layout_long_grid, pan_entry, hell_entry, serial_bayou_ford_a,
          minmay_holes, minmay_fractal_squares_diagonal_5, uniq_bai_suzhen
Depths:2: cheibrodos_hall_of_evolution, layout_cave_pools, lightli_too_deep,
          pan_entry, serial_sigils_hangedman_shear,
          infiniplex_staircase_zigzag_1
Depths:3: minmay_the_grid_four_pointed_star_mashed
          [minmay_the_grid_triangle_9x9_steps,
          minmay_the_grid_triangle_9x9_warning,
          minmay_the_grid_triangle_9x9_subtriangle,
          minmay_the_grid_triangle_9x9_pentomino_pain,
          minmay_the_grid_prize_shrinking_boxes], layout_cross,
          enter_ziggurat_d, nicolae_trove_entry_crossroad,
          abyss_entry_small_statue_room, hangedman_coc_ice_floe, serial_shops,
          shop, elyvilon_altar_1, infiniplex_staircase_pool_1, firewood_loft
Depths:4: grunt_zot_entry_alcove, layout_honeycomb, minmay_misc_feat_ornament,
          hellmouth_1, nicolae_shop_i_like_small_books_too,
          kennysheep_random_hallway, uniq_margery, uniq_sojobo
Zot:1:    nicolae_moth_party, layout_basic
Zot:2:    layout_cathedral_of_symmetry, grunt_ministairs_6,
          st_large_dragon_hoard_3
Zot:3:    layout_basic, st_stairs_4
Zot:4:    dreamdust_zin_vs_xom, layout_basic, grunt_ministairs_6,
          hangedman_zot_wheel_spokes, hangedman_zot_decor_tridents
Zot:5:    layout_basic, st_stairs_10

Skill      XL: |  1  2  3  4  5  6  7  8  9 10 11 12 13 14 15 16 17 18 19 20 21 22 23 24 25 26 |
---------------+-------------------------------------------------------------------------------+-----
Long Blades    | 5 6 7 8 10 11 12 13 14 15 16 | 16.0
Fighting       | 4 5 6 8 9 11 12 14 15 16 17 18 19 21 23 25 26 27 | 27.0
Shields        | 1 3 5 8 9 15 16 18 20 | 20.0
Dodging        | 5 6 8 9 10 13 16 17 18 19 20 21 22 23 24 26 27 | 27.0
Evocations     | 2 5 6 9 10 12 13 14 15 16 18 21 22 25 | 25.9

Action                     |  1- 3 |  4- 6 |  7- 9 | 10-12 | 13-15 | 16-18 | 19-21 | 22-24 | 25-27 || total
---------------------------+-------+-------+-------+-------+-------+-------+-------+-------+-------++-------
  Melee: Falchion          |    58 |   151 |   295 |    11 |   209 |       |       |       |       ||   724
         Tailslap          |     6 |    16 |    48 |   170 |   368 |   304 |   635 |   818 |   633 ||  2998
         Punch             |     1 |       |     2 |       |       |       |       |       |       ||     3
         Scimitar          |       |       |    58 |   820 |  1302 |    32 |   376 |       |   906 ||  3494
         Triple sword      |       |       |       |       |    66 |       |       |       |       ||    66
         Demon blade       |       |       |       |       |   285 |  1329 |  2220 |  1039 |       ||  4873
         Double sword      |       |       |       |       |       |       |       |  1346 |  1165 ||  2511
         Eudemon blade     |       |       |       |       |       |       |       |   413 |       ||   413
  Throw: Stone             |     2 |     5 |     3 |     2 |       |       |       |       |       ||    12
         Boomerang         |       |     3 |    30 |    28 |     2 |       |       |       |       ||    63
         Dart              |       |       |       |    12 |    22 |     3 |       |       |       ||    37
 Invoke: Berserk           |     1 |     2 |     4 |     3 |     7 |     2 |     2 |     3 |       ||    24
         Trog's Hand       |       |       |     5 |     2 |    17 |     4 |     2 |     5 |     3 ||    38
Ability: Breathe Dispellin |       |       |       |       |   119 |    44 |    37 |    21 |    17 ||   238
         Evoke Blink       |       |       |       |       |       |       |       |       |     6 ||     6
  Evoke: Wand              |       |     2 |       |       |    24 |     6 |     2 |    15 |    55 ||   104
         Phantom mirror    |       |       |       |       |     3 |     2 |       |     4 |     1 ||    10
         Box of beasts     |       |       |       |       |     1 |     1 |       |       |     1 ||     3
         Phial of floods   |       |       |       |       |     1 |     1 |     1 |     3 |     1 ||     7
         Lightning rod     |       |       |       |       |       |       |     7 |       |     6 ||    13
    Use: Scroll            |       |     2 |     7 |     9 |    29 |     8 |     8 |     9 |    13 ||    85
         Potion            |       |       |       |       |    21 |     3 |     1 |     7 |    15 ||    47
   Stab: Distracted        |       |       |       |     1 |       |     1 |       |     4 |     1 ||     7
         Sleeping          |       |       |       |       |     2 |     1 |     1 |     3 |       ||     7
         Invisible         |       |       |       |       |     3 |       |       |     2 |     2 ||     7
         Petrified         |       |       |       |       |       |     5 |       |       |       ||     5
 Armour: Skin              |    22 |    42 |    88 |   235 |   455 |   232 |   270 |   362 |   301 ||  2007
  Dodge: Dodged            |    51 |    80 |   166 |   401 |  1354 |   872 |  1399 |  1781 |  1701 ||  7805
  Block: Buckler           |       |       |    56 |   146 |   462 |   345 |       |       |       ||  1009
         Reflection        |       |       |       |       |       |    58 |   223 |    66 |       ||   347
         Kite shield       |       |       |       |       |       |   374 |  2212 |  2434 |  1761 ||  6781
